 Dungeon Crawl Stone Soup version 0.23.1 (webtiles) character file.

Game seed: 0

4659 Elpenore the Magician (level 10, -1/83 HPs)
             Began as a Black Draconian Wizard on Mar 2, 2019.
             Was a Believer of Sif Muna.
             Succumbed to a black mamba's poison
             ... on level 2 of the Lair of Beasts on Mar 3, 2019.
             The game lasted 05:48:06 (13550 turns).

Elpenore the Magician (Black Draconian Wizard)     Turns: 13550, Time: 05:48:06

Health: -1/83      AC:  9    Str: 12    XL:     10   Next: 20%
Magic:  1/20       EV: 12    Int: 22    God:    Sif Muna [**....]
Gold:   426        SH:  0    Dex: 12    Spells: 7/23 levels left

rFire    . . .     SeeInvis .   E - +0 quarterstaff (crush)
rCold    . . .     Gourm    .   (shield currently unavailable)
rNeg     . . .     Faith    .   (armour unavailable)
rPois    .         Spirit   .   a - +0 hat
rElec    +         Reflect  .   p - scarf {repulsion}
rCorr    .         Harm     .   w - +0 pair of gloves
MR       .....     Rnd*Tele +   H - +0 pair of boots
Stlth    ++........             (no amulet)
HPRegen  0.23/turn              Q - +3 ring of dexterity (curse)
MPRegen  0.17/turn              (no ring)

@: lethally poisoned (-1 -> -42), repel missiles
A: breathe lightning, unfitting armour, electricity resistance, strong 1,
teleportitis 1, cold-blooded, AC +7
a: Breathe Lightning, Divine Energy, Renounce Religion


You were on level 2 of the Lair of Beasts.
You worshipped Sif Muna.
Sif Muna was pleased with you.
You were not hungry.

You visited 3 branches of the dungeon, and saw 11 of its levels.

You collected 426 gold pieces.

Inventory:

Hand Weapons
 b - a +2 antimagic hand axe
 i - a +0 spear
 s - a +0 blowgun
 E - a +0 quarterstaff of crushing (weapon)
Missiles
 h - 159 stones
 u - 60 poisoned needles
 y - 39 sling bullets
 z - 15 tomahawks (quivered)
 O - 2 curare-tipped needles
Armour
 a - a +0 hat (worn)
 l - a +0 shield
 p - a scarf of repulsion (worn)
 w - a +0 pair of gloves (worn)
 D - a +0 cloak
 H - a +0 pair of boots (worn)
Jewellery
 Q - a cursed +3 ring of dexterity (left hand)
Wands
 G - a wand of flame (15)
 J - a wand of acid (4)
 N - a wand of random effects (20)
Scrolls
 d - 5 scrolls of magic mapping
 e - 4 scrolls of fog
 g - 2 scrolls of identify
 m - a scroll of teleportation
 n - 3 scrolls of enchant weapon
 o - 2 scrolls of amnesia
 t - a scroll of enchant armour {unknown}
 v - a scroll of random uselessness {unknown}
 A - 2 scrolls of noise
 F - a scroll of remove curse {unknown}
 I - a scroll of vulnerability {unknown}
 K - a scroll of brand weapon
Potions
 f - a potion of mutation
 j - 2 potions of haste
 r - 3 potions of might
 x - a potion of ambrosia {unknown}
 B - 2 potions of cancellation
 C - a potion of lignification {unknown}
 L - a potion of brilliance {unknown}
 M - a potion of resistance {unknown}
Comestibles
 c - 17 rations


   Skills:
 - Level 6.0 Fighting
 + Level 6.1 Staves
 - Level 2.0 Dodging
 - Level 2.0 Stealth
 + Level 7.3 Spellcasting
 + Level 6.4 Conjurations
 - Level 5.0 Summonings
 - Level 1.0 Translocations
 + Level 6.7 Air Magic


You had 7 spell levels left.
You knew the following spells:

 Your Spells              Type           Power        Failure   Level  Hunger
a - Magic Dart            Conj           ####         1%          1    None
b - Blink                 Tloc           N/A          8%          2    None
c - Call Imp              Summ           ####....     1%          2    None
d - Mephitic Cloud        Conj/Pois/Air  ####....     4%          3    None
e - Stone Arrow           Conj/Erth      ###...       6%          3    None
f - Beastly Appendage     Tmut           #.....       9%          1    None
g - Summon Lightning Spi  Summ/Air       ####....     7%          4    ###....

Your spell library contained the following spells:

 Spells                   Type           Power        Failure   Level  Hunger
 Summon Small Mammal      Summ           ####         1%          1    None
 Call Canine Familiar     Summ           ####....     3%          3    None
 Conjure Flame            Conj/Fire      ###.....     6%          3    None
 Sandblast                Erth           #.....       9%          1    None
 Summon Guardian Golem    Hex/Summ       ###.....     9%          3    None
 Passwall                 Tmut/Erth      #.......     12%         2    None
 Slow                     Hex            #.......     12%         2    None
 Sticks to Snakes         Tmut           #.......     12%         2    None
 Spider Form              Tmut/Pois      #.........   24%         3    None
 Summon Ice Beast         Ice/Summ       ###.....     28%         4    ###....
 Ice Form                 Ice/Tmut       #.......     63%         4    ###....
 Petrify                  Tmut/Erth      #.......     63%         4    ###....
 Blade Hands              Tmut           #.........   92%         5    #####..
 Lee's Rapid Deconstruct  Erth           #.........   92%         5    #####..


Dungeon Overview and Level Annotations

Branches:
Dungeon (8/15)             Temple (1/1) D:7            Lair (2/6) D:8
  Swamp: Lair:2-4    Shoals: Lair:2-4     Snake: Lair:2-4    Spider: Lair:2-4

Altars:
Ashenzari
Elyvilon
Fedhas
Gozag
Hepliaklqana
Kikubaaqudgha
Makhleb
Nemelex Xobeh
Okawaru
Qazlal
Ru
Sif Muna
Trog
Uskayaw
Vehumet
Xom
Yredelemnul
The Shining One

Annotations:
D:4 Menkaure


Innate Abilities, Weirdness & Mutations

You can breathe wild blasts of lightning.
Your glossy black scales are hard. (AC +7)
You cannot fit into any form of body armour.
You are resistant to electric shocks. (rElec)
You are cold-blooded and may be slowed by cold attacks.
Your muscles are strong. (Str +2)
You are occasionally teleported next to monsters.


Message History

You are lethally poisoned!
The black mamba poisons you! The black mamba bites you!
* * * LOW HITPOINT WARNING * * *
You are more poisoned.
The black mamba poisons you!
You sock the black mamba!
You kill the black mamba!
Sif Muna accepts your kill.
* * * LOW HITPOINT WARNING * * *
You feel very sick.
It was a potion of cancellation.
Your magical effects are unravelling.
You feel magically purged.
Your magical contamination has completely faded away.
You feel a little less mighty now.
* * * LOW HITPOINT WARNING * * *
You feel very sick.
It was a potion of mutation.
You feel extremely strange.
You feel weirdly uncertain.
You feel stronger.
You die...

## #### #. ... #.
..# ##.
#####.###..
#P.##..#...#...
#.....@.......
#.............
#..####...###P
#..######.#### ##
#..#.##..#..P#..##
#.................
#......8..........
#.####.#P#.#...
#..# ####### .


There were no monsters in sight!

Vanquished Creatures
  A black mamba (Lair:2)
  A hornet (D:8)
  A wyvern (D:8)
  A soldier ant (D:8)
  2 ice beasts
  A phantom (D:6)
  2 ogres
  A centaur (D:6)
  4 crocodiles (Lair:1)
  4 bullfrogs
  A scorpion (D:4)
  A centaur zombie (D:5)
  3 jellies (D:8)
  A crimson imp (D:6)
  A gnoll shaman (D:6)
  An iguana (D:4)
  3 orc wizards
  5 worker ants
  A hound skeleton (D:4)
  4 gnolls (D:6)
  5 adders
  4 shadow imps
  An adder skeleton (D:8)
  2 worms
  5 leopard geckos
  19 orcs
  2 bats (D:1)
  3 giant cockroaches (D:3)
  8 hobgoblins
  15 jackals
  7 kobolds
  4 quokkas
  12 frilled lizards
  2 goblins (D:1)
  A leopard gecko skeleton (D:6)
  A quokka zombie (D:7)
  2 rats
132 creatures vanquished.

Vanquished Creatures (collateral kills)
  2 spiny frogs (Lair:2)
  2 komodo dragons
  2 hornets (D:8)
  A hippogriff (D:7)
  3 blink frogs (Lair:1)
  A wyvern (Lair:2)
  2 vampire mosquitoes (Lair:2)
  2 water moccasins (Lair:1)
  3 porcupines
  An orc warrior (D:8)
  An ice beast (D:6)
  A necrophage (D:5)
  2 crocodiles (Lair:2)
  A bullfrog (Lair:1)
  2 scorpions
  An orc wizard (D:6)
  An orc priest (D:6)
  3 worker ants
  A hound skeleton (D:6)
  3 adders
  7 orcs
  A giant cockroach (D:4)
  A quokka (D:7)
  A bat (D:1)
  A jackal skeleton (D:4)
  A kobold (D:3)
  A fungus (Lair:2)
48 creatures vanquished.

Vanquished Creatures (others)
  3 fungi
  2 plants (Lair:2)
5 creatures vanquished.

Grand Total: 185 creatures vanquished

Notes
Turn   | Place    | Note
-------+----------+-------------------------------------------
     0 | D:1      | Elpenore the Draconian Wizard began the quest for the Orb.
     0 | D:1      | Reached XP level 1. HP: 14/14 MP: 4/4
   366 | D:1      | Reached skill level 2 in Stealth
   386 | D:1      | Reached skill level 2 in Dodging
   398 | D:1      | Reached XP level 2. HP: 18/20 MP: 0/6
   460 | D:1      | Learned a level 2 spell: Blink
   463 | D:1      | Learned a level 2 spell: Call Imp
  1910 | D:3      | Reached skill level 2 in Conjurations
  1910 | D:3      | Reached XP level 3. HP: 16/26 MP: 2/7
  2036 | D:3      | Learned a level 3 spell: Mephitic Cloud
  2717 | D:3      | Found a sacrificial altar of Ru.
  3148 | D:4      | Reached XP level 4. HP: 23/33 MP: 2/9
  3278 | D:4      | Reached skill level 4 in Spellcasting
  3862 | D:4      | Reached skill level 3 in Conjurations
  3862 | D:4      | Reached XP level 5. HP: 13/38 MP: 2/11
  4346 | D:4      | Noticed Menkaure
  4366 | D:5      | Entered Level 5 of the Dungeon
  4408 | D:5      | Noticed a necrophage
  4409 | D:5      | Found an ancient bone altar of Kikubaaqudgha.
  4465 | D:5      | HP: 3/36 [worker ant (7)]
  4840 | D:4      | Reached skill level 1 in Fighting
  4932 | D:4      | Found a sacrificial altar of Ru.
  4968 | D:5      | Reached skill level 5 in Spellcasting
  5099 | D:5      | Noticed an ogre
  5152 | D:5      | Found a burning altar of Makhleb.
  5285 | D:5      | Found a hide-covered altar of Uskayaw.
  5285 | D:5      | Noticed a +0 dagger
  5285 | D:5      | Noticed a -1 hand axe
  5508 | D:5      | Reached skill level 2 in Fighting
  5516 | D:5      | Killed a necrophage
  5516 | D:5      | Reached XP level 6. HP: 44/50 MP: 10/13
  5600 | D:5      | Reached skill level 3 in Fighting
  5651 | D:5      | Reached skill level 2 in Summonings
  5856 | D:5      | Reached skill level 3 in Summonings
  6807 | D:6      | Your scales start taking on a glossy black colour.
  6807 | D:6      | Reached XP level 7. HP: 49/57 MP: 2/14
  6807 | D:6      | Gained mutation: You are resistant to electric shocks.
                  | (rElec) [Black Draconian growth]
  6809 | D:6      | Reached skill level 4 in Summonings
  7325 | D:6      | Reached skill level 5 in Summonings
  7520 | D:6      | Reached skill level 4 in Fighting
  7520 | D:6      | Reached skill level 5 in Fighting
  7736 | D:6      | Reached skill level 1 in Staves
  7885 | D:6      | Reached XP level 8. HP: 53/68 MP: 9/15
  8094 | D:6      | Reached skill level 2 in Staves
  8463 | D:7      | Found a blossoming altar of Fedhas.
  8463 | D:7      | Found a stormy altar of Qazlal.
  8695 | D:7      | Noticed a hippogriff
  8712 | D:7      | Killed a hippogriff
  8712 | D:7      | Reached skill level 3 in Staves
  8810 | D:7      | Reached skill level 6 in Fighting
  8810 | D:7      | Reached skill level 4 in Staves
  8854 | D:7      | Learned a level 3 spell: Stone Arrow
  9007 | D:7      | Found a staircase to the Ecumenical Temple.
  9019 | Temple   | Entered the Ecumenical Temple
  9185 | Temple   | Became a worshipper of Sif Muna the Loreminder
  9773 | D:7      | Found an iron altar of Okawaru.
 10295 | D:8      | Learned a level 1 spell: Beastly Appendage
 10298 | D:8      | Found a sparkling altar of Nemelex Xobeh.
 10314 | D:8      | Found a staircase to the Lair.
 10360 | D:8      | Found a burning altar of Makhleb.
 10536 | D:8      | Learned a level 4 spell: Summon Lightning Spire
 10558 | D:8      | Reached skill level 1 in Air Magic
 10912 | D:8      | Reached skill level 2 in Air Magic
 11269 | D:8      | Noticed a hornet
 11382 | D:8      | Reached skill level 4 in Conjurations
 11516 | D:8      | Noticed a hornet
 11528 | D:8      | Killed a hornet
 11528 | D:8      | Reached skill level 3 in Air Magic
 11528 | D:8      | Reached XP level 9. HP: 75/75 MP: 8/17
 11542 | D:8      | Reached * piety under Sif Muna
 11542 | D:8      | Reached skill level 5 in Staves
 11557 | D:8      | Reached skill level 4 in Air Magic
 11812 | Lair:1   | Entered Level 1 of the Lair of Beasts
 11812 | Lair:1   | Noticed a komodo dragon
 11824 | Lair:1   | Reached skill level 6 in Spellcasting
 11831 | Lair:1   | Killed a komodo dragon
 11831 | Lair:1   | Reached skill level 5 in Air Magic
 11883 | Lair:1   | Reached skill level 5 in Conjurations
 12140 | Lair:1   | Reached ** piety under Sif Muna
 13062 | Lair:2   | Noticed a spiny frog
 13070 | Lair:2   | Killed a spiny frog
 13070 | Lair:2   | Reached skill level 6 in Conjurations
 13070 | Lair:2   | Reached skill level 6 in Air Magic
 13167 | Lair:2   | Reached skill level 7 in Spellcasting
 13271 | Lair:2   | Reached XP level 10. HP: 78/83 MP: 16/20
 13432 | Lair:2   | Noticed a spiny frog
 13452 | Lair:2   | Killed a spiny frog
 13452 | Lair:2   | Reached skill level 6 in Staves
 13483 | Lair:2   | HP: 8/83 [poisoned by a spiny frog]
 13492 | Lair:2   | Noticed a black mamba
 13548 | Lair:2   | Killed a black mamba
 13548 | Lair:2   | HP: 6/83 [poisoned by a black mamba]
 13549 | Lair:2   | HP: 2/83 [poisoned by a black mamba]
 13550 | Lair:2   | Gained mutation: You are occasionally teleported next to
                  | monsters. [potion of mutation]
 13550 | Lair:2   | Gained mutation: Your muscles are strong. (Str +2) [potion
                  | of mutation]
 13550 | Lair:2   | Succumbed to a black mamba's poison

Skill      XL: |  1  2  3  4  5  6  7  8  9 10 |
---------------+-------------------------------+-----
Stealth        | 2 |  2.0
Dodging        | 2 |  2.0
Conjurations   | 2 3 4 6 |  6.4
Spellcasting   | 4 5 7 |  7.3
Fighting       | 2 3 5 6 |  6.0
Summonings     | 3 5 |  5.0
Staves         | 1 4 5 6 |  6.1
Air Magic      | 3 6 |  6.7
Translocations | |  1.0

Action                   |  1- 3 |  4- 6 |  7- 9 | 10-12 || total
-------------------------+-------+-------+-------+-------++-------
Melee: Club              |    13 |       |       |       ||    13
       Spear             |    63 |   107 |    26 |       ||   196
       Tailslap          |     2 |     8 |    16 |     1 ||    27
       Quarterstaff      |       |       |   175 |     8 ||   183
 Fire: Blowgun           |       |    32 |    32 |     1 ||    65
Throw: Tomahawk          |       |     1 |     6 |       ||     7
 Cast: Magic Dart        |    90 |    56 |    53 |     7 ||   206
       Call Imp          |     5 |    31 |    29 |    10 ||    75
       Mephitic Cloud    |     1 |     7 |    20 |     1 ||    29
       Blink             |       |    23 |    18 |    10 ||    51
       Stone Arrow       |       |       |     6 |     2 ||     8
       Summon Lightning  |       |       |    12 |     2 ||    14
 Abil: Breathe Lightning |       |       |    10 |       ||    10
Evoke: Wand              |     1 |     4 |     4 |     3 ||    12
  Use: Scroll            |     2 |     7 |     5 |     2 ||    16
       Potion            |       |     2 |     1 |     6 ||     9
 Stab: Paralysed         |     3 |    11 |       |       ||    14
       Confused          |       |     3 |     4 |       ||     7
       Distracted        |       |       |     2 |       ||     2
  Eat: Chunk             |     6 |     6 |    12 |     1 ||    25
       Ration            |       |     2 |     4 |       ||     6
Armor: Skin              |    33 |    32 |    67 |     2 ||   134
Dodge: Dodged            |    89 |    93 |   156 |    12 ||   350
       Deflected         |     1 |     1 |     5 |       ||     7
